SAAA
TREMONT DOUBLEDAYS @ AUGUSTA TIMBER HAWKS
07/09/2025
 
TOP OF THE 1ST
Tremont Doubledays batting - Pitching for Augusta Timber Hawks : LHP Antenor Elizalde
Pitching: LHP Antenor Elizalde
Batting: RHB Manuel Martínez 0-0: Ball
1-0: Ground out 4-3 (Groundball, 4M)
Batting: LHB Jim Unknown 0-0: Called Strike
0-1: Foul Ball, location: 2F
0-2: Ball
1-2: Strikes out swinging
Batting: RHB Menno van de Vlugt 0-0: Fly out, F9 (Flyball, 89M)
Top of the 1st over - 0 run(s), 0 hit(s), 0 error(s), 0 left on base; Tremont 0 - Augusta 0
BOTTOM OF THE 1ST
Augusta Timber Hawks batting - Pitching for Tremont Doubledays : RHP Jim Unknown
Pitching: RHP Jim Unknown
Batting: SHB Javier Valle 0-0: Ball
1-0: Swinging Strike
1-1: Foul Ball, location: 2F
1-2: Foul Ball, location: 2F
1-2: Ball
2-2: Fly out, F6 (Popup, 6)
Batting: RHB Jaime Cruz 0-0: Ball
1-0: Called Strike
1-1: Bunted foul
1-2: SINGLE (Line Drive, 8LS)
Batting: RHB Luis Tapia 0-0: Ball
1-0: Ball
2-0: Ball
3-0: Fly out, F8 (Flyball, 8RS)
Batting: LHB Jack Robbins 0-0: Ball
1-0: Ball
2-0: Foul Ball, location: 2F
2-1: Foul Ball, location: 2F
2-2: Foul Ball, location: 2F
2-2: Fly out, F8 (Flyball, 8LD)
Bottom of the 1st over - 0 run(s), 1 hit(s), 0 error(s), 1 left on base; Tremont 0 - Augusta 0
TOP OF THE 2ND
Tremont Doubledays batting - Pitching for Augusta Timber Hawks : LHP Antenor Elizalde
Batting: RHB Tim Robinson 0-0: Ball
1-0: Ball
2-0: Called Strike
2-1: Foul Ball, location: 2F
2-2: Foul Ball, location: 2F
2-2: Ball
3-2: Base on Balls
Batting: RHB Jim Harris 0-0: Swinging Strike
0-1: Foul Ball, location: 2F
0-2: Ball
1-2: Ball
2-2: Foul Ball, location: 2F
2-2: Foul Ball, location: 2F
2-2: Fly out, F8 (Flyball, 8RD)
Batting: LHB Jim Unknown 0-0: Called Strike
0-1: SINGLE (Flyball, 8LS)
Tim Robinson to second
Runner from 2nd tries for 3rd, SAFE, throw made to third
Batting: RHB Arturo Morales 0-0: Ball
1-0: Called Strike
1-1: Swinging Strike
1-2: Foul Ball, location: 2F
1-2: Foul Ball, location: 2F
1-2: Foul Ball, location: 2F
1-2: Ball
2-2: Ball
3-2: Fly out, F8 (Line Drive, 8LD)
Runner from 3rd tags up, SCORES, no throw
Batting: RHB Jim Unknown 0-0: Ball
1-0: Ground out 5-3 (Groundball, 56)
Top of the 2nd over - 1 run(s), 1 hit(s), 0 error(s), 1 left on base; Tremont 1 - Augusta 0
BOTTOM OF THE 2ND
Augusta Timber Hawks batting - Pitching for Tremont Doubledays : RHP Jim Unknown
Batting: LHB Luis Moreno 0-0: Ground out 4-3 (Groundball, 34)
Batting: RHB Abraham Jacobs 0-0: Ball
1-0: Foul Ball, location: 2F
1-1: Swinging Strike
1-2: Ball
2-2: Ball
3-2: Foul Ball, location: 2F
3-2: SINGLE (Line Drive, 8RS)
Batting: RHB Claudio Mendoza 0-0: Ball
1-0: Called Strike
1-1: Foul Ball, location: 2F
1-2: Foul Ball, location: 2F
1-2: Foul Ball, location: 2F
1-2: Strikes out swinging
Abraham Jacobs steals 2nd base
Batter strikes out.
Batting: LHB Willie Brown 0-0: Ball
1-0: Called Strike
1-1: Called Strike
1-2: Ground out 3-1 (Groundball, 34)
Bottom of the 2nd over - 0 run(s), 1 hit(s), 0 error(s), 1 left on base; Tremont 1 - Augusta 0
TOP OF THE 3RD
Tremont Doubledays batting - Pitching for Augusta Timber Hawks : LHP Antenor Elizalde
Batting: RHB Francisco García 0-0: Called Strike
0-1: Foul Ball, location: 2F
0-2: Ball
1-2: Strikes out swinging
Batting: RHB Manuel Martínez 0-0: Ball
1-0: Ball
2-0: Ball
3-0: Foul Ball, location: 2F
3-1: Base on Balls
Batting: LHB Jim Unknown 0-0: Swinging Strike
0-1: Ball
1-1: Ball
2-1: Foul Ball, location: 2F
2-2: Fly out, F7 (Flyball, 78S)
Batting: RHB Menno van de Vlugt 0-0: Fly out, F8 (Flyball, 8RM)
Top of the 3rd over - 0 run(s), 0 hit(s), 0 error(s), 1 left on base; Tremont 1 - Augusta 0
BOTTOM OF THE 3RD
Augusta Timber Hawks batting - Pitching for Tremont Doubledays : RHP Jim Unknown
Batting: RHB Jesús Calderón 0-0: Ball
1-0: Ball
2-0: Fly out, F9 (Flyball, 9S)
Batting: SHB Javier Valle 0-0: Called Strike
0-1: Ball
1-1: Ball
2-1: Foul Ball, location: 2F
2-2: Reached on error, E4 (Groundball, 4)
Batting: RHB Jaime Cruz 0-0: Called Strike
Javier Valle steals 2nd base
0-1: DOUBLE (Flyball, 78XD)
Javier Valle scores
Batting: RHB Luis Tapia 0-0: Called Strike
0-1: Hit by Pitch
Batting: LHB Jack Robbins 0-0: Swinging Strike
0-1: Ball
1-1: Fly out, F8 (Flyball, 8LS)
Batting: LHB Luis Moreno 0-0: SINGLE (Line Drive, 56D)
Jaime Cruz to third
Luis Tapia to second
Runner from 3rd tries for Home, SAFE, no throw
Batting: RHB Abraham Jacobs 0-0: Called Strike
0-1: Ball
1-1: Called Strike
1-2: Ball
2-2: Strikes out swinging
Bottom of the 3rd over - 2 run(s), 2 hit(s), 1 error(s), 2 left on base; Tremont 1 - Augusta 2
TOP OF THE 4TH
Tremont Doubledays batting - Pitching for Augusta Timber Hawks : LHP Antenor Elizalde
Batting: RHB Tim Robinson 0-0: Ball
1-0: Swinging Strike
1-1: Foul Ball, location: 2F
1-2: Fly out, F6 (Popup, 5D)
Batting: RHB Jim Harris 0-0: Ball
1-0: Ball
2-0: SINGLE (Groundball, 3D)
Batting: LHB Jim Unknown 0-0: Ball
1-0: Fly out, F8 (Line Drive, 8RM)
Batting: RHB Arturo Morales 0-0: Ball
1-0: Ball
2-0: Swinging Strike
2-1: Ball
3-1: Fly out, F3 (Popup, 34S)
Top of the 4th over - 0 run(s), 1 hit(s), 0 error(s), 1 left on base; Tremont 1 - Augusta 2
BOTTOM OF THE 4TH
Augusta Timber Hawks batting - Pitching for Tremont Doubledays : RHP Jim Unknown
Batting: RHB Claudio Mendoza 0-0: Ball
1-0: SINGLE (Flyball, 8RS)
Batting: LHB Willie Brown 0-0: Ball
1-0: Ball
2-0: SINGLE (Flyball, 9S)
Claudio Mendoza to second
Runner from 2nd tries for 3rd, SAFE, throw made to third
Batting: RHB Jesús Calderón 0-0: Ball
1-0: Foul Ball, location: 2F
1-1: Ball
2-1: Foul Ball, location: 2F
2-2: Foul Ball, location: 2F
2-2: Grounds into double play, 4-6-3 (Groundball, 4)
Claudio Mendoza scores
Batting: SHB Javier Valle 0-0: Ground out 4-3 (Groundball, 4S)
Bottom of the 4th over - 1 run(s), 2 hit(s), 0 error(s), 0 left on base; Tremont 1 - Augusta 3
TOP OF THE 5TH
Tremont Doubledays batting - Pitching for Augusta Timber Hawks : LHP Antenor Elizalde
Batting: RHB Jim Unknown 0-0: Ball
1-0: Foul Ball, location: 2F
1-1: Swinging Strike
1-2: Ground out 4-3 (Groundball, 4)
Batting: RHB Francisco García 0-0: Ball
1-0: Ground out 6-3 (Groundball, 56)
Batting: RHB Manuel Martínez 0-0: Called Strike
0-1: DOUBLE (Line Drive, 78M)
Batting: LHB Jim Unknown 0-0: Foul Ball, location: 2F
0-1: Ball
1-1: Ball
2-1: Ball
3-1: Base on Balls
Batting: RHB Menno van de Vlugt 0-0: Ground out 3-1 (Groundball, 34S)
Top of the 5th over - 0 run(s), 1 hit(s), 0 error(s), 2 left on base; Tremont 1 - Augusta 3
BOTTOM OF THE 5TH
Augusta Timber Hawks batting - Pitching for Tremont Doubledays : RHP Jim Unknown
Batting: RHB Jaime Cruz 0-0: Ball
1-0: Ball
2-0: Ground out U3 (Groundball, 34)
Batting: RHB Luis Tapia 0-0: Ball
1-0: Ball
2-0: Called Strike
2-1: SINGLE (Groundball, 6MD)
Batting: LHB Jack Robbins 0-0: Foul Ball, location: 2F
0-1: Foul Ball, location: 2F
0-2: Ball
1-2: DOUBLE (Line Drive, 78XD)
Luis Tapia to third
Batting: LHB Luis Moreno 0-0: Ball
1-0: Foul Ball, location: 2F
1-1: Foul Ball, location: 2F
1-2: SINGLE (Groundball, 34D)
Luis Tapia scores
Jack Robbins to third
Runner from 3rd tries for Home, SAFE, throw made home
Luis Moreno to second
Batting: RHB Abraham Jacobs 0-0: Ball
Luis Moreno steals 3rd base
1-0: Called Strike
1-1: Foul Ball, location: 2F
1-2: Hit by Pitch
Batting: RHB Claudio Mendoza 0-0: Foul Ball, location: 2F
0-1: Called Strike
Abraham Jacobs steals 2nd base
0-2: Foul Ball, location: 2F
0-2: SINGLE (Groundball, 5D)
Luis Moreno scores
Abraham Jacobs to third
Runner from 3rd tries for Home, SAFE, no throw
Pitching: RHP Jim Unknown
Batting: LHB Willie Brown 0-0: Foul Ball, location: 2F
0-1: 2-RUN HOME RUN (Flyball, 9D), Distance : 379 ft
Batting: RHB Jesús Calderón 0-0: Called Strike
0-1: Ball
1-1: Foul Ball, location: 2F
1-2: Ball
2-2: Foul Ball, location: 2F
2-2: Foul Ball, location: 2F
2-2: Ball
3-2: Base on Balls
Batting: SHB Javier Valle 0-0: Called Strike
0-1: Foul Ball, location: 2F
0-2: Foul Ball, location: 2F
0-2: Ball
1-2: Ball
2-2: Foul Ball, location: 2F
2-2: Foul Ball, location: 2F
2-2: Ball
3-2: Foul Ball, location: 2F
3-2: Foul Ball, location: 2F
3-2: Base on Balls
Jesús Calderón to second
Batting: RHB Jaime Cruz 0-0: Called Strike
0-1: Called Strike
0-2: Ball
1-2: Ball
2-2: Foul Ball, location: 2F
2-2: Strikes out swinging
Batting: RHB Luis Tapia 0-0: Called Strike
0-1: Swinging Strike
0-2: Ball
1-2: Foul Ball, location: 2F
1-2: 3-RUN HOME RUN (Flyball, 9D), Distance : 387 ft
Pitching: RHP Jim Unknown
Batting: LHB Jack Robbins 0-0: Ball
1-0: Swinging Strike
1-1: Ball
2-1: Foul Ball, location: 2F
2-2: Ball
3-2: Base on Balls
Batting: LHB Luis Moreno 0-0: Ball
1-0: Ball
Jack Robbins steals 2nd base
2-0: Foul Ball, location: 2F
2-1: Foul Ball, location: 2F
2-2: Fly out, F7 (Flyball, 7D)
Bottom of the 5th over - 9 run(s), 6 hit(s), 0 error(s), 1 left on base; Tremont 1 - Augusta 12
TOP OF THE 6TH
Tremont Doubledays batting - Pitching for Augusta Timber Hawks : LHP Antenor Elizalde
Batting: RHB Tim Robinson 0-0: Called Strike
0-1: Ball
1-1: DOUBLE (Groundball, 5L)
Batting: RHB Jim Harris 0-0: Swinging Strike
0-1: Called Strike
0-2: Ball
1-2: Ball
2-2: Ball
3-2: Base on Balls
Batting: LHB Jim Unknown 0-0: Fly out, F7 (Flyball, 7LS)
Batting: RHB Arturo Morales 0-0: Foul Ball, location: 2F
0-1: Swinging Strike
0-2: Ball
1-2: Foul Ball, location: 2F
1-2: Ball
2-2: Strikes out looking
Batting: RHB Jim Unknown 0-0: Foul Ball, location: 2F
0-1: SINGLE (Line Drive, 8LS)
Tim Robinson to third
Jim Harris to second
Runner from 3rd tries for Home, SAFE, no throw
Pitching: LHP Brian Wheeler
Batting: RHB Francisco García 0-0: Foul Ball, location: 2F
0-1: Foul Ball, location: 2F
0-2: Ball
1-2: Ball
2-2: Ball
3-2: Base on Balls
Jim Harris to third
Jim Unknown to second
Batting: RHB Manuel Martínez 0-0: Ball
1-0: Ball
2-0: Ball
3-0: Base on Balls
Jim Harris scores
Jim Unknown to third
Francisco García to second
Batting: LHB Jim Unknown 0-0: Ball
1-0: Called Strike
1-1: Ball
2-1: Foul Ball, location: 2F
2-2: SINGLE (Line Drive, 6M)
Jim Unknown scores
Francisco García to third
Manuel Martínez to second
Batting: RHB Menno van de Vlugt 0-0: Ball
1-0: Fielders Choice at 2nd, 6-4 (Groundball, 6)
Top of the 6th over - 3 run(s), 3 hit(s), 0 error(s), 2 left on base; Tremont 4 - Augusta 12
BOTTOM OF THE 6TH
Augusta Timber Hawks batting - Pitching for Tremont Doubledays : RHP Jim Unknown
Batting: RHB Abraham Jacobs 0-0: Foul Ball, location: 2F
0-1: Swinging Strike
0-2: Ball
1-2: Ground out 6-3 (Groundball, 6)
Batting: RHB Claudio Mendoza 0-0: Ball
1-0: Called Strike
1-1: Fly out, F5 (Popup, 56)
Batting: LHB Willie Brown 0-0: Ball
1-0: Ball
2-0: Fly out, F8 (Flyball, 8RM)
Bottom of the 6th over - 0 run(s), 0 hit(s), 0 error(s), 0 left on base; Tremont 4 - Augusta 12
TOP OF THE 7TH
Tremont Doubledays batting - Pitching for Augusta Timber Hawks : LHP Brian Wheeler
Batting: RHB Tim Robinson 0-0: Ball
1-0: Ball
2-0: Ball
3-0: Base on Balls
Batting: RHB Jim Harris 0-0: Foul Ball, location: 2F
0-1: Foul Ball, location: 2F
0-2: Ball
1-2: Ball
2-2: Grounds into double play, 5-4-3 (Groundball, 56)
Batting: LHB Jim Unknown 0-0: Called Strike
0-1: Foul Ball, location: 2F
0-2: Ball
1-2: Strikes out swinging
Top of the 7th over - 0 run(s), 0 hit(s), 0 error(s), 0 left on base; Tremont 4 - Augusta 12
BOTTOM OF THE 7TH
Augusta Timber Hawks batting - Pitching for Tremont Doubledays : RHP Jim Unknown
Batting: RHB Jesús Calderón 0-0: Foul Ball, location: 2F
0-1: Ball
1-1: Hit by Pitch
Batting: SHB Javier Valle 0-0: Called Strike
0-1: SINGLE (Line Drive, 34)
Jesús Calderón to second
Batting: RHB Jaime Cruz 0-0: Foul Ball, location: 2F
0-1: Ground out 6-3 (Groundball, 6S)
Jesús Calderón to third
Javier Valle to second
Batting: RHB Luis Tapia 0-0: Ball
1-0: Ball
2-0: Swinging Strike
2-1: DOUBLE (Line Drive, 7LS)
Jesús Calderón scores
Javier Valle scores
Batting: LHB Jack Robbins 0-0: Foul Ball, location: 2F
0-1: Foul Ball, location: 2F
0-2: Ball
1-2: Ball
2-2: Strikes out swinging
Batting: LHB Luis Moreno 0-0: Called Strike
0-1: Called Strike
0-2: Fly out, F7 (Flyball, 7S)
Bottom of the 7th over - 2 run(s), 2 hit(s), 0 error(s), 1 left on base; Tremont 4 - Augusta 14
TOP OF THE 8TH
Tremont Doubledays batting - Pitching for Augusta Timber Hawks : LHP Brian Wheeler
Batting: RHB Arturo Morales 0-0: Called Strike
0-1: Foul Ball, location: 2F
0-2: Ball
1-2: Ball
2-2: Foul Ball, location: 2F
2-2: Foul Ball, location: 2F
2-2: Ball
3-2: SINGLE (Groundball, 56D)
Batting: RHB Jim Unknown 0-0: Grounds into double play, 6-4-3 (Groundball, 6)
Batting: RHB Francisco García 0-0: Swinging Strike
0-1: Foul Ball, location: 2F
0-2: SINGLE (Line Drive, 34)
Pinch Hitting: RHB Andrés Gonzáles 0-0: Foul Ball, location: 2F
0-1: Swinging Strike
0-2: SINGLE (Line Drive, 56)
Francisco García to second
Batting: LHB Jim Unknown 0-0: Ball
1-0: Foul Ball, location: 2F
1-1: Ball
2-1: Called Strike
2-2: Foul Ball, location: 2F
2-2: Foul Ball, location: 2F
2-2: Ball
3-2: SINGLE (Line Drive, 89S)
Francisco García to third
Andrés Gonzáles to second
Francisco García scores
Andrés Gonzáles to third
Pinch Hitting: RHB Arturo Morales 0-0: Ball
1-0: Ball
2-0: Called Strike
2-1: Foul Ball, location: 2F
2-2: Foul Ball, location: 2F
2-2: Ball
3-2: Foul Ball, location: 2F
3-2: Base on Balls
Jim Unknown to second
Batting: RHB Tim Robinson 0-0: Ball
1-0: Ball
2-0: Swinging Strike
2-1: Ball
3-1: Called Strike
3-2: Base on Balls
Andrés Gonzáles scores
Jim Unknown to third
Arturo Morales to second
Batting: RHB Jim Harris 0-0: Foul Ball, location: 2F
0-1: Fielders Choice at 2nd, 4-6 (Groundball, 4)
Top of the 8th over - 2 run(s), 4 hit(s), 0 error(s), 2 left on base; Tremont 6 - Augusta 14
BOTTOM OF THE 8TH
Augusta Timber Hawks batting - Pitching for Tremont Doubledays : RHP Jim Unknown
Now at 3B: Arturo Morales
Now in RF: Jim Unknown
Batting: RHB Abraham Jacobs 0-0: Called Strike
0-1: Called Strike
0-2: Foul Ball, location: 2F
0-2: Ball
1-2: Ball
2-2: Strikes out swinging
Batting: RHB Claudio Mendoza 0-0: Ball
1-0: Called Strike
1-1: Fly out, F9 (Flyball, 9LS)
Batting: LHB Willie Brown 0-0: Ball
1-0: Ground out 3-1 (Groundball, 34)
Bottom of the 8th over - 0 run(s), 0 hit(s), 0 error(s), 0 left on base; Tremont 6 - Augusta 14
TOP OF THE 9TH
Tremont Doubledays batting - Pitching for Augusta Timber Hawks : LHP Brian Wheeler
Pitching: RHP Tom Sosa
Now at 3B: Gustavo Vázquez
Batting: LHB Jim Unknown 0-0: Swinging Strike
0-1: Ball
1-1: SINGLE (Line Drive, 5L)
Batting: RHB Arturo Morales 0-0: Foul Ball, location: 2F
0-1: Ball
1-1: Called Strike
1-2: Grounds into double play, 6-4-3 (Groundball, 6)
Batting: RHB Jim Unknown 0-0: Called Strike
0-1: Foul Ball, location: 2F
0-2: Ball
1-2: Reached on error, E7 (Flyball, 78M)
Batting: RHB Francisco García 0-0: Foul Ball, location: 2F
0-1: Ball
1-1: Foul Ball, location: 2F
1-2: Ball
2-2: Fly out, F9 (Flyball, 9)
Top of the 9th over - 0 run(s), 1 hit(s), 1 error(s), 1 left on base; Tremont 6 - Augusta 14
Friday, December 30th, 2016 - OOTP Baseball 17.12 Build 75